 Dungeon Sprint DCSS version 0.28-a0-691-gad6df49e81 (webtiles) character file.

Game seed: 3441351346376591334

5 Rocko1345 the Covered (level 5, -3/45 HPs)
             Began as a Human Fighter on Oct 22, 2021.
             Was an Initiate of Okawaru.
             Splashed by a jelly's acid (4 damage)
             ... in the Dungeon (Sprint VI: "Thunderdome").
             The game lasted 00:03:13 (277 turns).

Rocko1345 the Covered (Human Fighter)                Turns: 277, Time: 00:03:13

Health: -3/45      AC:  0    Str: 17    XL:     5   Next: 13%
Magic:  5/5        EV:  9    Int:  9    God:    Okawaru [......]
Gold:   210        SH:  5    Dex: 12    Spells: 4/4 levels left

rFire   + . .      SeeInvis .   a - +0 war axe
rCold   + . .      Faith    .   c - +0 buckler
rNeg    . . .      Spirit   .   b - +0 scale mail
rPois   +          Reflect  .   (no helmet)
rElec   +          Harm     .   (no cloak)
rCorr   +          Rampage  .   (no gloves)
Will    .....      NoTele   +   (no boots)
Stlth   ..........              (no amulet)
HPRegen 0.15/turn               (no ring)
MPRegen 0.09/turn               (no ring)

@: resistant, corroded
A: no striking features
a: Renounce Religion


You were in the Dungeon.
You worshipped Okawaru.
Okawaru was noncommittal.
You visited 1 branch You collected 210 gold pieces.

Inventory:

Hand Weapons
 a - a +0 war axe (weapon)
Missiles
 e - 6 poisoned darts (quivered)
Armour
 b - a +0 scale mail (worn)
 c - a +0 buckler (worn)
Wands
 l - a wand of acid (5)
 m - a wand of iceblast (5)
Scrolls
 j - 4 scrolls of blinking
 n - 3 scrolls of fog
Potions
 d - a potion of might
 f - 4 potions of heal wounds
 g - 4 potions of haste
 h - 2 potions of magic
 k - a potion of resistance


   Skills:
 * Level 5.6 Fighting
 * Level 4.3 Axes
 + Level 5.6 Armour
 + Level 0.9 Dodging
 + Level 5.4 Shields


You had 4 spell levels left.
You didn't know any spells.
Your spell library was empty.

Dungeon Overview and Level Annotations

Branches:
Dungeon (1/1)

Altars:
Cheibriados
Dithmenos
Fedhas
Gozag
Kikubaaqudgha
Makhleb
Okawaru
Qazlal
Ru
Sif Muna
Trog
Uskayaw
Vehumet
Wu Jian
Xom
Yredelemnul
Zin
The Shining One
Beogh
Jiyva
Lugonu

Shops:
D *[??*?*:[((!!!!


Message History

You hit the endoplasm.
You kill the endoplasm!
Okawaru accepts your kill.
There is a spawn point here.
A jelly comes into view.
The jelly quivers.
A jelly comes into view.
The jelly quivers.
A jelly comes into view.
You hit the jelly.
Your hands burn!
The jelly is moderately wounded.
You hit the jelly but do no damage.
Your hands burn!
The jelly hits you but does no damage. You block the jelly's attack.
You hit the jelly.
Your hands burn!
The jelly is severely wounded.
You hit the jelly. The acid corrodes you!
Your hands burn!
You hit the jelly.
Your hands burn! 50...
The jelly hits you but does no damage. The jelly barely misses you.
The jelly hits you. The acid corrodes you!
You are splashed with acid.
The jelly closely misses you.
Okay, then.
You feel protected. The jelly hits you.
You are splashed with acid.
You resist. You block the jelly's attack.
You slash the jelly!
Your hands burn!
* * * LOW HITPOINT WARNING * * *
The jelly is severely wounded.
You hit the jelly.
Your hands burn!
* * * LOW HITPOINT WARNING * * *
You hit the jelly.
Your hands burn!
* * * LOW HITPOINT WARNING * * *
The jelly hits you.
* * * LOW HITPOINT WARNING * * *
You are splashed with acid.
You resist.
* * * LOW HITPOINT WARNING * * *
You block the jelly's attack. The jelly hits you.
* * * LOW HITPOINT WARNING * * *
You are splashed with acid.
You resist.
You die...

.........)..###.............##
.....)...###...###..........⌠#
.........# #.<.# #..........⌠#
.........###...###..........⌠#
............###.............##
#∩........8.# #.8........∩###
##∩_._.....)###......__.∩##
######.8......J..8.######
#§.......J@..⌠#
###......J..### #_......._#
#_......._# #_......._#
#∩.....).∩# ##∩.....∩##
##.....## ##⌠⌠§##


You could see 3 jellies.

Vanquished Creatures
  A kobold brigand (D)
  A jelly (D)
  An endoplasm (D)
  3 goblins (D)
6 creatures vanquished.

Notes
Turn   | Place    | Note
-------+----------+-------------------------------------------
     0 | D        | Rocko1345 the Human Fighter began the quest for the Orb.
     0 | D        | Reached XP level 1. HP: 18/18 MP: 1/1
     4 | D        | Found a burning altar of Makhleb.
     4 | D        | Found a bloodstained altar of Trog.
     5 | D        | Round 1.
     6 | D        | Found a snail-covered altar of Cheibriados.
     6 | D        | Found a shimmering blue altar of Sif Muna.
     7 | D        | Found a glowing golden altar of the Shining One.
     8 | D        | Found a basalt altar of Yredelemnul.
     8 | D        | Found a glowing silver altar of Zin.
     9 | D        | Found a viscous altar of Jiyva.
     9 | D        | Found Hel Reang's Staff Store.
     9 | D        | Found Omuenop's Magic Scroll Shop.
    10 | D        | Found Weuwk's Must-Have Magic.
    10 | D        | Found Ytiant's Magic Scroll Shop.
    16 | D        | Found a shimmering altar of Xom.
    18 | D        | Found a radiant altar of Vehumet.
    22 | D        | Found Xat Sav's Jewellery.
    22 | D        | Found Hiurch's Advanced Armour.
    27 | D        | Found a shadowy altar of Dithmenos.
    27 | D        | Found a blossoming altar of Fedhas.
    27 | D        | Found Zolinil's Identification Station.
    31 | D        | Noticed a kobold brigand
    51 | D        | Killed a kobold brigand
    52 | D        | Reached skill level 5 in Fighting
    52 | D        | Reached skill level 5 in Armour
    52 | D        | Reached XP level 2. HP: 17/27 MP: 2/2
    52 | D        | Reached XP level 3. HP: 21/33 MP: 3/3
    52 | D        | Reached XP level 4. HP: 25/39 MP: 4/4
    56 | D        | Found an ancient bone altar of Kikubaaqudgha.
    57 | D        | Found an ornate altar of the Wu Jian Council.
    58 | D        | Found an opulent altar of Gozag.
    59 | D        | Found Kaux's Premium Goods.
    61 | D        | Found a hide-covered altar of Uskayaw.
    61 | D        | Found an iron altar of Okawaru.
    61 | D        | Found a corrupted altar of Lugonu.
    61 | D        | Found Ythyn's Weapon Rack.
    62 | D        | Found Plog's Miscellaneous Merchandise.
    62 | D        | Found Plog's Basic Armour.
    69 | D        | Found a sacrificial altar of Ru.
    74 | D        | Became a worshipper of Warmaster Okawaru
    85 | D        | Found a stormy altar of Qazlal.
   113 | D        | Found Qysips's Do-It-Yourself Clinic.
   115 | D        | Found Egohaut's Bottled Wisdom.
   115 | D        | Found Maehuj's Distillery.
   117 | D        | Found Cohuig's Distillery.
   123 | D        | Arena points: 5 (+5) [x1]
   138 | D        | Round 2.
   160 | D        | Reached skill level 5 in Shields
   160 | D        | Reached XP level 5. HP: 19/45 MP: 5/5
   277 | D        | HP: 1/45 [jelly (3)]
   277 | D        | Splashed by a jelly's acid

Illustrated notes

Levels and vault maps discovered:
D:        arena_sprint

Skill      XL: |  1  2  3  4 |
---------------+-------------+-----
Fighting       | 5 |  5.6
Axes           | 3 4 |  4.3
Armour         | 5 |  5.6
Shields        | 4 5 |  5.4
Dodging        | |  0.9

Action                   |  1- 3 |  4- 6 || total
-------------------------+-------+-------++-------
Melee: War axe           |    11 |    13 ||    24
  Use: Potion            |     2 |     1 ||     3
Armor: Scale mail        |     2 |     5 ||     7
Dodge: Dodged            |     6 |     3 ||     9
Block: Buckler           |     2 |     6 ||     8

Table legend: (Time is in decaauts)
 A = Elapsed time spent in this place.
 B = Non-inter-level travel time spent in this place.
 C = Inter-level travel time spent in this place.
 D = Time resting spent in this place.
 E = Time spent auto-exploring this place.
 F = Levels seen in this place.
 G = Mean time per level.
                   A        B        C        D        E       F      G
               +--------+--------+--------+--------+--------+-----+--------+
         Total |    291 |    291 |      0 |      8 |      0 |   1 |  291.0 |
       Dungeon |    291 |    291 |      0 |      8 |      0 |   1 |  291.0 |
               +--------+--------+--------+--------+--------+-----+--------+

Top non-repeatable levels by time:
       D: 291 daAuts
